Description

Late gas opener with early roaches.

VOD

https://www.patreon.com/posts/zvt-elazer-build-120969629

Replay - ZvT Gasless Opening

Build Order

Get SALT Encoding   

  6  0:00  Drone  
  13  0:07  Drone  
  14  0:14  Extractor  Extractor trick
  14  0:15  Drone  
  15  0:35  Hatchery  
  14  0:40  Extractor, Drone  Extractor trick
  15  0:46  Overlord  Send this to your 3rd to check if they're blocking you
  15  1:02  Spawning Pool  
  14  1:04  Drone x2  
  16  1:12  Drone x2  
  18  1:28  Drone  Scout for proxies with 2 of these drones
  19  1:37  Drone  
  20  1:48  Queen x2  Double inject
  20  1:49  Zergling x2  
  26  2:00  Overlord  
  28  2:18  Hatchery  
  30  2:35  Queen  In main
  33  2:40  Overlord  
  34  2:44  Extractor  
  41  3:07  Roach Warren  In wall
  42  3:16  Extractor  
  42  3:19  Queen  
  44  3:23  Overlord x2  
  46  3:38  Evolution Chamber x2  Wall at natural
  44  3:48  Roach x2  To defend vs hellions
  52  3:56  Roach x2  
  66  4:33  Lair  
  66  4:34  Extractor  
  65  4:39  Extractor, Zerg Ground Armor Level 1  
  65  4:42  Spore Crawler x3  Start making army after this vs 2 CC opener
  82  5:21  Extractor x2  
  85  5:25  Zerg Missile Weapons Level 1  
  84  5:32  Glial Reconstitution  
  84  5:34  Hatchery  
  85  5:50  Infestation Pit  
  85  5:51  Roach x3  
  85  5:52  Baneling Nest  
  89  5:58  Roach x3  
  107  6:14  Ravager x3  
  116  6:31  Hive  
  117  6:36  Metabolic Boost  
  117  6:39  Centrifugal Hooks  
  121  6:43  Zerg Ground Armor Level 2  
  121  6:47  Extractor  
  121  6:48  Queen  
  131  7:01  Spire  
  131  7:09  Zergling x8  
  131  7:10  Hatchery  
  135  7:22  Zergling x8  
  140  7:28  Zergling x2  
  142  7:37  Overseer  
  142  7:39  Pneumatized Carapace  
  142  7:40  Hatchery  
  148  7:45  Viper x3  Use consume twice immediately
  157  7:54  Baneling x10, Ultralisk Cavern  
  158  8:17  Extractor  
  158  8:18  Spore Crawler  
  158  8:19  Spine Crawler  
  172  8:28  Queen  
  200  9:04  Spore Crawler  
  200  9:06  Spine Crawler  
Spawning Tool Build Advisor. Get it on Overwolf

Analysis

This build will put you ahead of standard terran openers as long as you take only minimal damage in the early game. There are a few timings to be aware of. 1. 2:00-2:30 Proxy reaper or marines: I scout for proxies with the first 2 drones that would go to the natural. It doesn't cost too much, and prevents the overlord from dying. 2. ~4:00 1 base timing: Scout their natural with lings. If their natural hasn't landed by 2:50, it's either 1 base or ninja expansion. 4. ~5:20 2 base timing (marines or hellbats + bc): By scouting the main with the first overlord and the natural with lings, you should be able to determine if it's a 2 base or 3 base build. You'll need to start units around 4:40 vs 2 base. 5. ~6:15 2 port BC: If they haven't landed a 3rd base by 5:40 and haven't attacked you, it could be double BC.

The goal of this build is to max out by 9:00 and move out with roach/ravager/ling/bane + 3 vipers.

Go to:

Details

  • Created by: flashandfoul
  • Published on: Mar 21, 2026
  • Modified on: Mar 21, 2026
  • Patch: 5.0.11
  • Difficulty: Hard
Show
View Real Time Build Order
Export as new Build Order

Comments (0)

There are no comments. Be the first!

Create an account to comment!